Map: Malwarfare

Players

NamroodTuo

  • Race: Terran Terran
  • Spawn Location: 7:00

zlodei

  • Race: Protoss Protoss
  • Spawn Location: 7:00

VOD

Have the link to the VOD?

Description

Time

  • Played on: Feb. 1, 2023, 6:08 a.m.
  • Length: 23:47
Show
View Real Time Build Order
Export as new Build Order

NamroodTuo Terran 

Build Orders:  

Get SALT Encoding   

  12  0:05  SCV  
  13  0:24  SCV  
  13  0:25  Supply Depot  
  14  0:48  SCV  
  14  0:49  Factory  
  15  1:03  SCV  
  16  1:11  Supply Depot  
  16  1:17  SCV  
  17  1:28  SCV  
  18  1:40  SCV  
  19  2:13  Perdition Turret  
  19  2:15  SCV  
  20  2:24  Refinery  
  20  2:27  SCV, Refinery  
  20  2:28  Supply Depot  
  21  2:39  SCV  
  22  2:51  SCV  
  23  3:03  SCV  
  24  3:18  Supply Depot  
  24  3:22  SCV  
  27  3:51  Supply Depot  
  27  3:54  Factory Tech Lab  
  27  3:57  Goliath  
  27  4:01  Factory  
  27  4:12  Armory  
  27  4:23  Supply Depot  
  27  4:24  Engineering Bay  
  27  4:25  Perdition Turret  
  27  4:42  Devastation Turret  
  27  5:10  Perdition Turret  
  27  5:19  Factory Tech Lab  
  27  5:26  SCV  
  28  5:36  SCV  
  28  5:38  SCV  
  28  5:40  SCV  
  28  5:43  SCV  
  29  5:52  Upgrade Laser Drill Level 1  
  32  6:32  Thor  
  32  6:34  Thor  
  44  6:51  Devastation Turret  
  44  7:27  330mm Barrage Cannon  
  44  7:28  Terran Vehicle and Ship Weapons Level 1  
  42  7:38  Structure Armor  
  42  7:49  Thor  
  48  8:28  Terran Vehicle And Ship Armor Level 1  
  47  9:21  Thor x2  
  59  9:34  Command Center  
  59  9:39  SCV  
  60  9:51  SCV  
  60  9:54  Supply Depot  
  60  9:56  Supply Depot  
  61  10:02  SCV  
  62  10:25  Supply Depot  
  62  10:30  Supply Depot  
  62  10:41  Spinning Dizzy  
  62  11:02  Devastation Turret  
  62  11:31  Spinning Dizzy  
  62  11:52  Perdition Turret  
  60  12:04  SCV  
  61  12:16  SCV  
  62  12:24  Thor x2  
  62  12:27  SCV  
  62  12:39  SCV  
  75  12:41  Upgrade Laser Drill Level 2  
  76  12:51  SCV  
  71  13:05  Thor  
  77  13:31  Thor  
  83  13:47  Thor  
  83  14:48  SCV  
  83  14:57  Refinery  
  84  15:00  SCV, Refinery  
  85  15:11  SCV  
  85  15:16  SCV  
  85  15:19  SCV  
  76  15:46  Thor  
  76  15:47  Thor  
  88  16:57  Thor x2  
  100  17:19  SCV  
  95  17:31  SCV  
  90  17:43  SCV  
  91  17:55  SCV, Thor x2  
  92  18:07  SCV  
  99  19:13  Perdition Turret  
  99  19:23  Devastation Turret  
  99  19:24  Terran Vehicle and Ship Weapons Level 2  
  99  19:34  SCV  
  99  19:36  Perdition Turret  
  100  19:46  SCV  
  100  19:48  Perdition Turret  
  101  19:50  Devastation Turret  
  101  19:54  Perdition Turret x2  
  101  19:57  SCV  
  95  20:00  Devastation Turret  
  95  20:01  Thor x2  
  95  20:09  SCV  
  96  20:18  Spinning Dizzy  
  97  20:21  SCV  
  98  20:31  Hi-Sec Auto Tracking  
  98  20:33  Supply Depot  
  98  20:34  Supply Depot  
  98  20:43  Thor x2  
  110  21:06  Supply Depot x2  
  104  21:25  Thor x2  
  92  21:39  Thor  
  131  21:40  Thor  
  98  21:41  Supply Depot  
  98  21:48  Thor  
  80  23:37  Starport  
Show
View Real Time Build Order
Export as new Build Order

zlodei Protoss 

Build Orders:  

Get SALT Encoding   

  12  0:15  Assimilator  
  12  0:25  Assimilator  
  12  0:48  Pylon  
  12  1:05  Gateway  
  12  1:18  Forge  
  12  1:21  Probe (Chrono Boost)  
  13  1:33  Probe (Chrono Boost)  
  14  1:50  Probe (Chrono Boost)  
  15  2:16  Cybernetics Core  
  15  2:18  Solar Efficiency Level 1  
  15  2:40  Probe (Chrono Boost)  
  16  3:18  Pylon  
  16  3:33  Twilight Council  
  16  3:48  Probe (Chrono Boost)  
  17  4:00  Probe (Chrono Boost)  
  17  4:03  Solar Efficiency Level 2  
  17  4:05  Protoss Ground Weapons Level 1  
  18  4:13  Photon Cannon  
  18  4:22  Photon Cannon  
  18  5:04  Robotics Facility  
  18  5:17  Probe (Chrono Boost)  
  19  5:29  Probe (Chrono Boost)  
  20  5:40  Probe (Chrono Boost)  
  20  5:42  Probe (Chrono Boost)  
  20  5:45  Probe (Chrono Boost)  
  20  5:47  Probe (Chrono Boost)  
  24  6:29  Sentinel  
  26  7:02  Sentinel  
  26  7:03  Robotics Bay  
  28  7:35  Sentinel  
  28  7:48  Probe (Chrono Boost)  
  31  7:58  Solar Efficiency Level 3  
  31  8:13  Photon Cannon  
  31  9:26  Pylon  
  31  9:28  Probe (Chrono Boost)  
  32  9:36  Pylon  
  32  9:42  Probe (Chrono Boost)  
  33  10:01  Probe (Chrono Boost)  
  33  10:09  Probe (Chrono Boost)  
  35  10:32  Advanced Repair Systems  
  35  10:42  Pylon  
  35  11:27  Phase Detonation  
  35  12:02  Unknown  
  35  12:35  Protoss Ground Weapons Level 2  
  35  12:52  Solar Flare  
  35  14:14  Rapid Recharging  
  35  15:09  Protoss Ground Armor Level 1  
  35  17:28  Protoss Shields Level 1  
  35  18:19  Shield Battery  
  35  18:21  Shield Battery  
Tags
 
Commander
KaraxSwann
Matchup
Co-op
Replay Pack
Multiplayer
Add a new tag
Caveats
  • Supply blocks, unpowered buildings, or Contaminate may cause inaccurate times.
  • Supply counts are checked every 10 seconds.